 Dungeon Crawl Stone Soup version 0.28.0-49-g6dfe1f597d (webtiles) character file.

Game seed: 17922727716006756519

3719 Exodus22XD the Spear-Bearer (level 9, -1/69 HPs)
             Began as a Demonspawn Gladiator on May 15, 2022.
             Was a Believer of Uskayaw.
             Slain by Grum
             ... wielding a +1 spear
              (14 damage)
             ... on level 8 of the Dungeon.
             The game lasted 00:12:01 (8626 turns).

Exodus22XD the Spear-Bearer (Demonspawn Gladiator)  Turns: 8626, Time: 00:12:02

Health: -1/69      AC: 22    Str: 19    XL:     9   Next: 92%
Magic:  21/21      EV:  9    Int: 13    God:    Uskayaw [**....]
Gold:   494        SH:  0    Dex: 14    Spells: 8/8 levels left

rFire   . . .      SeeInvis +   a - +0 trident
rCold   . . .      Faith    .   (no shield)
rNeg    + + .      Spirit   .   g - +7 chain mail of Polytheism {*Slow rN++ Int+3 SInv}
rPois   .          Reflect  .   c - +0 helmet
rElec   .          Harm     .   (no cloak)
rCorr   .          Rampage  .   (no gloves)
Will    .....                   F - +0 pair of boots
Stlth   ..........              (no amulet)
HPRegen 0.21/turn               k - ring of magical power
MPRegen 0.17/turn               (no ring)

@: no status effects
A: claws 2, slimy green scales 2, demonic guardian 2, powered by death 1
a: Renounce Religion, Stomp, Line Pass


You were on level 8 of the Dungeon.
You worshipped Uskayaw.
Uskayaw was noncommittal.
You visited 2 branches of the dungeon, and saw 11 of its levels.
You also visited: Sewer.

You collected 494 gold pieces.

Inventory:

Hand Weapons
 a - a +0 trident (weapon)
Missiles
 d - 3 throwing nets (quivered)
Armour
 c - a +0 helmet (worn)
 g - the +7 chain mail of Polytheism (worn) {*Slow rN++ Int+3 SInv}
   (You found it on level 2 of the Dungeon)

   Int:       It affects your intelligence (+3).
   rN:        It greatly protects you from negative energy.
   SInv:      It lets you see invisible.
   *Slow:     It may slow you when you take damage.
 F - a +0 pair of boots (worn)
Jewellery
 j - a ring of fire
 k - a ring of magical power (left claw)
Wands
 n - a wand of acid (1)
 A - a wand of digging (3)
 D - a wand of iceblast (6)
Scrolls
 e - a scroll of brand weapon
 f - 3 scrolls of blinking
 i - 2 scrolls of teleportation
 q - a scroll of silence {unknown}
 u - 2 scrolls of holy word {unknown}
 v - a scroll of fog {unknown}
 x - 2 scrolls of immolation {unknown}
 y - a scroll of vulnerability {unknown}
 z - a scroll of enchant weapon {unknown}
 C - a scroll of noise {unknown}
Potions
 h - 3 potions of might
 l - a potion of ambrosia {unknown}
 m - a potion of lignification {unknown}
 o - 2 potions of degeneration {unknown}
 p - 2 potions of heal wounds
 r - a potion of haste
 s - 2 potions of resistance {unknown}
 t - 3 potions of attraction {unknown}
 w - 3 potions of curing {unknown}
 B - a potion of berserk rage {unknown}
 E - a potion of brilliance {unknown}


   Skills:
 + Level 6.1 Fighting
 + Level 9.2 Polearms
 + Level 1.9 Throwing
 + Level 6.2 Armour
 + Level 3.9 Dodging
 + Level 1.9 Stealth
 * Level 4.5 Invocations


You had 8 spell levels left.
You didn't know any spells.
Your spell library contained the following spells:

 Spells                   Type           Power      Damage    Failure   Level
 Animate Skeleton         Necr           0%         N/A       96%         1
 Pain                     Necr           0%         1d4       96%         1
 Sting                    Tmut/Pois      0%         1d3       96%         1
 Poisonous Vapours        Pois/Air       0%         N/A       99%         2
 Scorch                   Fire           0%         2d5       99%         2
 Tukima's Dance           Hex            0%         N/A       100%        3
 Vampiric Draining        Necr           0%         2d6       100%        3
 Flame Wave               Conj/Fire      0%         2d4       100%        4
 Olgreb's Toxic Radiance  Pois           0%         N/A       100%        4
 Passage of Golubria      Tloc           0%         N/A       100%        4
 Yara's Violent Unravell  Hex/Tmut       0%         3d3       100%        5
 Summon Cactus Giant      Summ           0%         N/A       100%        6


Dungeon Overview and Level Annotations

Branches:
Dungeon (10/15)            Temple (1/1) D:6           Sewer (visited)
   Lair: D:8-11         Orc: D:9-12

Altars:
Ashenzari
Elyvilon
Fedhas
Gozag
Makhleb
Nemelex Xobeh
Okawaru
Qazlal
Ru
Sif Muna
Uskayaw
Vehumet
Wu Jian
Xom
Zin
The Shining One

Annotations:
D:2 Crazy Yiuf
D:8 Grum


Innate Abilities, Weirdness & Mutations

You have very sharp fingernails.
You are mostly covered in slimy green scales. (AC +3)
A demonic guardian rushes to your aid.
You regenerate a little health from kills.


Message History

The wolf closely misses your rust devil.
The wolf bites your rust devil but does no damage.
Reach: a) +0 trident
Press: ? - help, Dir - move target, f/p - wolf
Aim: a wolf (almost dead, covered in acid, ally target, about 50% to evade your +0 trident)
You could not reach far enough!
The wolf barely misses your rust devil.
Your rust devil misses the wolf.
Unknown command.
Reach: a) +0 trident
Press: ? - help, Dir - move target, f/p - wolf
Aim: a wolf (almost dead, covered in acid, ally target, about 50% to evade your +0 trident)
You reach to attack!
You hit the wolf.
You kill the wolf!
Reach: a) +0 trident
Press: ? - help, Dir - move target, f - Grum
Aim: Grum, wielding a +1 spear and wearing a +0 animal skin (about 31% to evade your +0 trident)
You reach to attack!
You hit Grum.
Grum is lightly wounded.
Grum hits you from afar with a +1 spear!
Your rust devil hits Grum!
Your rust devil corrodes Grum!
You can now pass through a line of other dancers.
Reach: a) +0 trident
Press: ? - help, Dir - move target, f/p - Grum
Aim: Grum, wielding a +1 spear and wearing a +0 animal skin (moderately wounded, covered in acid, ally target, about 31% to evade your +0 trident)
You could not reach far enough!
Grum hits you from afar with a +1 spear!
* * * LOW HITPOINT WARNING * * *
Your rust devil hits Grum.
Grum seems to be corroded for longer.
Reach: a) +0 trident
Press: ? - help, Dir - move target, f/p - Grum
Aim: Grum, wielding a +1 spear and wearing a +0 animal skin (heavily wounded, covered in acid, ally target, about 31% to evade your +0 trident)
You could not reach far enough!
Grum hits you but does no damage.
Your rust devil hits Grum!
Grum seems to be corroded for longer.
Unknown command.
Reach: a) +0 trident
Press: ? - help, Dir - move target, f/p - Grum
Aim: Grum, wielding a +1 spear and wearing a +0 animal skin (severely wounded, covered in acid, ally target, about 31% to evade your +0 trident)
You could not reach far enough!
Grum hits you from afar with a +1 spear!
You die...

#.###....#......[..#
#.
###.##.....#......[.<#
#.
#..........#.........#
#.
#.....#....#.........#
#.
#.....#....######.####
#. #.....#....# #.# #.
#.....#....# #[# #..
#.....###..## #.#
#.... #.....# #..@#
#.. #.##. #######
#.#4# ##. . .. #.#g#
#.#h# #.#.## #.#..#
#.##.# #. #.# ...


You could see Grum (corroded, ally target), a wolf and a friendly rust devil
(summoned).

Vanquished Creatures
  Pikel (D:5)
  Grinder (D:5)
  4 water moccasins
  2 orc warriors (D:8)
  Pargi (Sewer)
  An ice beast (D:6)
  A black bear (D:7)
  A necrophage (D:6)
  A wolf (D:8)
  2 ogres
  2 phantoms
  A gnoll sergeant (D:9)
  A bullfrog (D:6)
  A scorpion (D:6)
  Dowan (D:4)
  A howler monkey (D:7)
  A centaur zombie (D:6)
  2 hounds
  3 bullfrog zombies
  3 orc priests
  2 bullfrog skeletons
  2 iguanas
  Natasha (twice) (D:2)
  6 orc wizards
  Ijyb (D:3)
  A hound zombie (D:5)
  A gnoll (D:8)
  6 adders
  A howler monkey skeleton (D:7)
  A river rat (D:4)
  A shadow imp (D:7)
  A white imp (D:7)
  3 ufetubi
  An adder skeleton (D:4)
  4 dart slugs
  26 orcs
  7 bats
  4 endoplasms
  2 giant cockroaches (D:4)
  10 hobgoblins
  3 jackals (D:3)
  5 kobolds
  A quokka (D:5)
  9 ball pythons
  5 frilled lizards
  10 goblins
  3 rats
149 creatures vanquished.

Vanquished Creatures (collateral kills)
  Sigmund (D:3)
  Duvessa (D:4)
  A sky beast (D:5)
  An ogre (D:4)
  A phantom (D:4)
  An orc priest (D:5)
  An orc wizard (D:8)
  A river rat (D:4)
  4 orcs
  A rat (D:4)
13 creatures vanquished.

Vanquished Creatures (others)
  A goblin (D:3)
  2 fungi (D:2)
  4 plants (D:5)
7 creatures vanquished.

Grand Total: 169 creatures vanquished

Notes
Turn   | Place    | Note
-------+----------+-------------------------------------------
     0 | D:1      | Exodus22XD the Demonspawn Gladiator began the quest for the
                  | Orb.
     0 | D:1      | Reached XP level 1. HP: 16/16 MP: 1/1
   327 | D:1      | Gained mutation: You are partially covered in slimy green
                  | scales. (AC +2) [demonic ancestry]
   327 | D:1      | Reached XP level 2. HP: 22/22 MP: 2/2
   496 | D:1      | Reached skill level 3 in Polearms
   929 | D:1      | Found a faded altar of an unknown god.
  1229 | D:2      | Identified the +7 chain mail of Polytheism {*Slow rN++
                  | Int+3 SInv}
  1297 | D:2      | Gained mutation: A weak demonic guardian rushes to your
                  | aid. [demonic ancestry]
  1297 | D:2      | Reached XP level 3. HP: 27/27 MP: 3/3
  1668 | D:2      | Noticed Natasha
  1679 | D:2      | Killed Natasha
  1680 | D:2      | Gained mutation: A demonic guardian rushes to your aid.
                  | [demonic ancestry]
  1680 | D:2      | Reached XP level 4. HP: 29/34 MP: 4/4
  1895 | D:2      | Noticed Natasha
  1903 | D:2      | Killed Natasha
  1904 | D:2      | Reached skill level 1 in Armour
  1927 | D:2      | Found a runed translucent door.
  1928 | D:2      | Noticed Crazy Yiuf
  2160 | D:3      | Noticed Sigmund
  2176 | D:3      | Killed Sigmund
  2177 | D:3      | Reached skill level 4 in Polearms
  2177 | D:3      | Gained mutation: You are mostly covered in slimy green
                  | scales. (AC +3) [demonic ancestry]
  2177 | D:3      | Reached XP level 5. HP: 32/40 MP: 5/5
  2383 | D:3      | Noticed a water moccasin
  2396 | D:3      | Killed a water moccasin
  2397 | D:3      | Reached skill level 5 in Polearms
  2397 | D:3      | Gained mutation: You have sharp fingernails. [demonic
                  | ancestry]
  2397 | D:3      | Reached XP level 6. HP: 37/47 MP: 6/6
  2769 | D:3      | Noticed Ijyb
  2787 | D:3      | Killed Ijyb
  3486 | D:4      | Found a glowing drain.
  3548 | Sewer    | Entered a sewer
  3718 | Sewer    | Gained mutation: You have very sharp fingernails. [demonic
                  | ancestry]
  3718 | Sewer    | Reached XP level 7. HP: 52/52 MP: 7/7
  3757 | Sewer    | Noticed Pargi
  3775 | Sewer    | Killed Pargi
  4219 | D:4      | Reached skill level 6 in Polearms
  4434 | D:5      | Entered Level 5 of the Dungeon
  4439 | D:5      | Noticed Duvessa
  4441 | D:5      | Noticed Dowan
  4444 | D:5      | Noticed Grinder
  4468 | D:4      | Killed Duvessa
  4487 | D:4      | Killed Dowan
  4719 | D:5      | Killed Grinder
  4720 | D:5      | Reached skill level 1 in Stealth
  4720 | D:5      | Gained mutation: You regenerate a little health from kills.
                  | [demonic ancestry]
  4720 | D:5      | Reached XP level 8. HP: 55/61 MP: 8/8
  4785 | D:5      | Found the +3 giant club "Skullcrusher" {speed, Str+7}
  5214 | D:5      | Reached skill level 7 in Polearms
  5371 | D:5      | Noticed Pikel
  5405 | D:5      | Killed Pikel
  5406 | D:5      | Reached skill level 5 in Fighting
  5406 | D:5      | Reached skill level 5 in Armour
  5992 | D:6      | Found a staircase to the Ecumenical Temple.
  6009 | Temple   | Entered the Ecumenical Temple
  6055 | Temple   | Became a worshipper of Uskayaw the Reveller
  6100 | D:6      | Reached * piety under Uskayaw
  6103 | D:6      | Reached ** piety under Uskayaw
  6106 | D:6      | Reached skill level 8 in Polearms
  6106 | D:6      | Reached XP level 9. HP: 60/68 MP: 9/9
  6261 | D:6      | Reached skill level 1 in Invocations
  6274 | D:6      | Reached *** piety under Uskayaw
  6277 | D:6      | Reached **** piety under Uskayaw
  7873 | D:8      | Reached skill level 9 in Polearms
  8127 | D:8      | You fall into a shaft and drop 2 floors!
  8127 | D:10     | Entered Level 10 of the Dungeon
  8494 | D:8      | Found a sparkling altar of Nemelex Xobeh.
  8600 | D:8      | Noticed Grum
  8626 | D:8      | Slain by Grum

Illustrated notes

Levels and vault maps discovered:
D:1:      kennysheep_arrival_seaside, layout_basic,
          chequers_ecumenical_altar_lobes
D:2:      layout_loops_ring, uniq_natasha, uniq_crazy_yiuf_cottage
D:3:      kennysheep_goblin_castle, layout_loops_corners, grunt_decor_clamped,
          wander_ebering_terrifying_dragon_lair, uniq_sigmund
D:4:      layout_gridville, portal_sewer_entry_a, roderic_lattice_a
D:5:      layout_loops_ring, grunt_ministairs_9, serial_bayou_lagoon_a,
          uniq_duvessa, uniq_pikel, uniq_grinder
D:6:      layout_basic, minmay_temple_entry_offerings, kennysheep_generic_room_6
D:7:      layout_loops_corners, minivault_23
D:8:      layout_rooms, kennysheep_little_box, grunt_lair_entry_orc_guard_hut,
          minivault_26, uniq_grum
D:9:      layout_irregular_city, st_stairs_2, kennysheep_generic_room_9
D:10:     minmay_thinvault, layout_basic
Temple:   regret_index_temple_sigil_plot

Skill      XL: |  1  2  3  4  5  6  7  8  9 |
---------------+----------------------------+-----
Polearms       | 3 4 5 6 8 9 |  9.2
Dodging        | 3 |  3.9
Armour         | 2 3 4 5 6 |  6.2
Fighting       | 3 4 5 6 |  6.1
Stealth        | 1 |  1.9
Invocations    | 4 |  4.5
Throwing       | |  1.9

Action                   |  1- 3 |  4- 6 |  7- 9 || total
-------------------------+-------+-------+-------++-------
Melee: Trident           |   104 |   139 |   472 ||   715
       Punch             |       |     3 |     9 ||    12
Invok: Stomp             |       |       |     3 ||     3
       Line Pass         |       |       |     1 ||     1
Evoke: Wand              |       |       |     1 ||     1
  Use: Scroll            |       |       |     6 ||     6
       Potion            |       |       |     2 ||     2
 Stab: Sleeping          |     2 |       |       ||     2
       Paralysed         |       |       |     6 ||     6
       Confused          |       |       |     2 ||     2
Armor: Leather armour    |    16 |       |       ||    16
       Chain mail        |    23 |   154 |   338 ||   515
Dodge: Dodged            |    48 |    82 |   221 ||   351
